 Dungeon Crawl Stone Soup version 0.30-b1-2-g02819fbbbe (webtiles) character file.

Game seed: 13364102121002623166

589580 redmage the Meteoric Blade (level 26, -25/236 HPs)
             Began as a Meteoran Earth Elementalist on Aug 4, 2023.
             Was the Champion of Cheibriados.
             Killed from afar by a hellion (32 damage)
             ... with damnation
             ... summoned by Cerebov
             ... in Pandemonium on Aug 7, 2023.
             The game lasted 06:49:22 (12175 turns).

redmage the Meteoric Blade (MeEE)                  Turns: 12175, Time: 06:49:22

Health: -25/236    AC: 35    Str: 24 (25) XL:     26   Next: 96%
Magic:  32/47      EV: 33    Int: 39 (40) God:    Cheibriados [******]
Gold:   848        SH: 19    Dex: 41      Spells: 7/63 levels left

rFire   + + +        A - +4 long sword (holy)
rCold   + . .        i - +0 kite shield {reflect}
rNeg    + + .        K - melded +3 ring mail of Dimoc {Regen+ rCorr Int+4}
rPois   ∞            l - +1 helmet
rElec   +            b - scarf {rC+ rF+}
rCorr   .            G - melded +1 pair of gloves of the Northern Lights {Str+5 Int+5}
SInv    +            w - melded +1 pair of boots {Fly}
Will    +++..        I - amulet of the Histrionic God {Fly Regen+}
Stlth   ++           X - +4 ring of slaying
HPRegen 1.39/turn    V - ring of Ytimis {rF+++ rN+ Dex+6 SInv Stlth-}
MPRegen 0.30/turn

%: reflection
@: statue-form, forested, flying, glowing, very slow
A: slow and powerful, torment resistance 1, boosted hp, sense surroundings 3,
otherworldly, glowing, explore regen, claws 1, (iridescent scales 1),
deterioration 1, screaming 1, wild magic 1
}: 8/15 runes: serpentine, barnacled, slimy, silver, abyssal, glowing, magical,
dark
a: End Transformation, Renounce Religion, Bend Time, Temporal Distortion,
Slouch, Step From Time


You were in Pandemonium.
You worshipped Cheibriados.
Cheibriados was exalted by your worship.
You were a living statue of rough stone.
You visited 9 branches of the dungeon, and saw 45 of its levels.
You visited Pandemonium 3 times, and saw 24 of its levels.
You visited the Abyss 1 time.
You also visited: Ossuary, Bailey, Gauntlet and Volcano.

You collected 4361 gold pieces.
You spent 3513 gold pieces at shops.

Inventory:

Hand Weapons
 a - the +11 Singing Sword {sonic wave}
   (You found it in a Gauntlet)
 c - a +3 demon blade of flaming
 A - a +4 long sword of holy wrath (weapon)
Missiles
 F - 2 throwing nets (quivered)
 U - 5 silver javelins
Armour
 b - a scarf of resistance (worn)
 i - a +0 kite shield of reflection (worn)
 l - a +1 helmet (worn)
 w - a +1 pair of boots of flying (melded)
 G - the +1 pair of gloves of the Northern Lights (melded) {Str+5 Int+5}
   (You found it in a Gauntlet)

   Str:       It affects your strength (+5).
   Int:       It affects your intelligence (+5).
 K - the +3 ring mail of Dimoc (melded) {Regen+ rCorr Int+4}
   (You found it on level 4 of the Snake Pit)

   Int:       It affects your intelligence (+4).
   Regen:     It increases your rate of health regeneration.
   rCorr:     It protects you from acid and corrosion.
Magical Staves
 f - a staff of cold
 n - a staff of earth
 Y - a staff of conjuration
Jewellery
 k - a ring of wizardry
 u - an amulet of the acrobat
 I - the amulet of the Histrionic God (around neck) {Fly Regen+}
   (You took it off Jory on level 3 of the Depths)

   [amulet of regeneration]

   Fly:       It grants you flight.
   Regen:     It increases your rate of health regeneration.
 O - a ring of resist corrosion
 S - a ring of wizardry
 V - the ring of Ytimis (right claw) {rF+++ rN+ Dex+6 SInv Stlth-}
   (You found it on level 4 of the Shoals)

   [ring of dexterity]

   Dex:       It affects your dexterity (+6).
   rF:        It renders you almost immune to fire.
   rN:        It protects you from negative energy.
   SInv:      It lets you see invisible.
   Stlth:     It makes you less stealthy.
 X - a +4 ring of slaying (left claw)
Wands
 P - a wand of digging (8)
 W - a wand of acid (34)
 Z - a wand of roots (44)
Scrolls
 d - a scroll of silence
 g - 2 scrolls of magic mapping
 j - 2 scrolls of immolation
 m - 2 scrolls of fog
 q - 2 scrolls of fear
 s - 4 scrolls of poison
 v - 6 scrolls of enchant weapon
 C - 6 scrolls of enchant armour
 D - 3 scrolls of amnesia
 J - 2 scrolls of blinking
 Q - 5 scrolls of brand weapon
 R - 2 scrolls of teleportation
 T - 2 scrolls of summoning
Potions
 e - 3 potions of might
 h - 2 potions of heal wounds
 o - 3 potions of mutation
 r - 4 potions of resistance
 t - 4 potions of lignification
 x - 8 potions of curing
 z - a potion of ambrosia
 B - 5 potions of brilliance
 E - 3 potions of cancellation
 H - 5 potions of berserk rage
 L - 8 potions of haste
 N - a potion of magic
Miscellaneous
 p - a condenser vane


   Skills:
 - Level 13.5 Fighting
 - Level 21.0 Long Blades
 - Level 6.0 Armour
 - Level 14.1 Dodging
 - Level 5.6 Stealth
 - Level 15.0 Shields
 - Level 19.4 Spellcasting
 - Level 11.0 Conjurations
 + Level 11.5 Summonings
 + Level 14.1 Necromancy
 - Level 8.0 Translocations
 - Level 10.3 Transmutations
 - Level 14.0 Ice Magic
 - Level 6.0 Air Magic
 - Level 15.2 Earth Magic
 - Level 12.4 Invocations
 - Level 6.0 Evocations


You had 7 spell levels left.
You knew the following spells:

 Your Spells              Type           Power      Damage    Failure   Level
a - Stone Arrow           Conj/Erth      100%       3d13      1%          3
b - Passwall              Tmut/Erth      90%        N/A       1%          2
c - Summon Cactus Giant   Summ           52%        N/A       2%          6
d - Summon Forest         Summ/Tloc      49%        N/A       1%          5
e - Borgnjor's Vile Clut  Necr/Erth      57%        N/A       1%          5
f - Animate Dead          Necr           100%       N/A       1%          4
g - Death Channel         Necr           56%        N/A       1%          6
h - Ozocubu's Refrigerat  Ice            56%        4d20      4%          7
i - Haunt                 Necr/Summ      54%        N/A       8%          7
p - Sandblast             Erth           100%       2d20      1%          1
w - Statue Form           Tmut/Erth      72%        N/A       1%          6
z - Passage of Golubria   Tloc           92%        N/A       1%          4

Your spell library contained the following spells:

 Spells                   Type           Power      Damage    Failure   Level
 Foxfire                  Conj/Fire      100%       2x1d9     1%          1
 Freeze                   Ice            100%       1d10      1%          1
 Kiss of Death            Conj/Necr      100%       2d13      1%          1
 Magic Dart               Conj           100%       1d8       1%          1
 Sting                    Tmut/Pois      100%       1d8       1%          1
 Summon Small Mammal      Summ           100%       N/A       1%          1
 Call Imp                 Summ           100%       N/A       1%          2
 Cigotuvi's Dreadful Rot  Necr/Pois/Air  100%       N/A       1%          2
 Poisonous Vapours        Pois/Air       100%       N/A       1%          2
 Static Discharge         Conj/Air       100%       2-7/arc   1%          2
 Sublimation of Blood     Necr           100%       N/A       1%          2
 Wereblood                Tmut           100%       N/A       1%          2
 Call Canine Familiar     Summ           100%       N/A       1%          3
 Dazzling Flash           Conj/Hex       100%       N/A       1%          3
 Frozen Ramparts          Ice            100%       1d16      1%          3
 Hailstorm                Conj/Ice       100%       3d20      1%          3
 Mephitic Cloud           Conj/Pois/Air  82%        N/A       1%          3
 Ozocubu's Armour         Ice            100%       N/A       1%          3
 Summon Guardian Golem    Hex/Summ       82%        N/A       1%          3
 Volatile Blastmotes      Fire/Tloc      100%       2d18      1%          3
 Airstrike                Air            42%        2d(6-22)  1%          4
 Animate Armour           Summ/Erth      100%       N/A       1%          4
 Dispel Undead            Necr           100%       3d31      1%          4
 Iskenderun's Mystic Bla  Conj/Tloc      98%        2d19      1%          4
 Leda's Liquefaction      Hex/Erth       45%        N/A       1%          4
 Petrify                  Tmut/Erth      100%       N/A       1%          4
 Summon Ice Beast         Ice/Summ       100%       N/A       1%          4
 Summon Lightning Spire   Summ/Air       95%        N/A       1%          4
 Lee's Rapid Deconstruct  Erth           58%        3d27*     1%          5
 Simulacrum               Ice/Necr       56%        N/A       1%          6
 Flame Wave               Conj/Fire      81%        2d18      2%          4
 Scorch                   Fire           98%        2d9       3%          2
 Metabolic Englaciation   Hex/Ice        44%        N/A       3%          5
 Summon Mana Viper        Hex/Summ       82%        N/A       4%          5
 Confusing Touch          Hex            49%        N/A       5%          3
 Inner Flame              Hex/Fire       49%        N/A       5%          3
 Tukima's Dance           Hex            49%        N/A       5%          3
 Fireball                 Conj/Fire      40%        3d16      5%          5
 Yara's Violent Unravell  Hex/Tmut       40%        3d16      6%          5
 Monstrous Menagerie      Summ           52%        N/A       12%         7
 Summon Hydra             Summ           52%        N/A       12%         7
 Olgreb's Toxic Radiance  Pois           49%        N/A       16%         4
 Starburst                Conj/Fire      40%        6d12      24%         6
 Lehudib's Crystal Spear  Conj/Erth      55%        10d13     41%         8
 Death's Door             Necr           56%        N/A       98%         9


Dungeon Overview and Level Annotations

Branches:
Dungeon (15/15) Zot: 9423  Temple (1/1) D:6 Zot: 873    Lair (5/5) D:8 Zot: 1339
 Shoals (4/4) Lair:3 Zot: 2302   Snake (4/4) Lair:3 Zot: 2203   Slime (5/5) Lair:4 Zot: 3632
    Orc (2/2) D:10 Zot: 1114     Elf (0/3) Orc:2        Vaults (5/5) D:13 Zot: 2159
  Crypt (0/3) Vaults:2     Depths (4/4) D:15 Zot: 1956 Ossuary (visited)
 Bailey (visited)         Volcano (visited)         Gauntlet (visited)
    Zot: Depths:4

Altars:
Ashenzari
Cheibriados
Elyvilon
Gozag
Hepliaklqana
Kikubaaqudgha
Makhleb
Ru
Xom
Yredelemnul
Zin
Jiyva

Shops:
D:2 :   D:4 *   D:6 *   D:10 ?   Orc:1 [   Depths:2 *   Depths:3 =

Portals:
Hell: Depths:3
Abyss: Depths:3
Pandemonium: Depths:2

Annotations:
D:8 exclusion: upstairs
D:9 exclusion: upstairs
Depths:2 3 runed translucent doors, exclusion: obsidian statue, Ntrails's ghost, adept DgFE
Depths:3 1 transporter
Pan Cerebov


Innate Abilities, Weirdness & Mutations

You are a living statue of rough stone.
Your actions are slow, but your melee attacks are powerful.
You are resistant to unholy torment.
Your maximum health is greatly increased.
You are immune to poison.
Your equipment is partially melded.
You passively map a large area around you.
You are easily found by Zot.
You glow in the dark.
You regain HP and MP as you explore.
You have sharp fingernails.
((You are partially covered in iridescent scales. (AC +2)))
Your body sometimes deteriorates upon taking damage.
You occasionally shout uncontrollably at your foes.
Your spells are a little harder to cast, but a little more powerful.


Message History

You enter the passage of Golubria.
Cerebov gestures at you. The iron shot hits you!!
* * * LOW HITPOINT WARNING * * *
You enter the passage of Golubria.
Cerebov gestures.
Blink to where?
Press: ? - help, Dir - move target You can't see that place. [the floor.]
Okay, then.
You enter the passage of Golubria.
The balrug gestures at you. Something smites you!
* * * LOW HITPOINT WARNING * * *
Blink to where?
Press: ? - help, Dir - move target, f - you
Okay, then.
Unknown command.
Casting: Passage of Golubria (mildly dangerous; 1% risk of failure)
Confirm with . or Enter, or press ? or * to list all spells.
Aiming: Passage of Golubria (mildly dangerous; 1% risk of failure)
Press: ? - help, Dir - move target The balrug gestures at you.
Something smites you!
* * * LOW HITPOINT WARNING * * *
The hellion gestures at you.
The sphere of damnation explodes!
The damnation engulfs you!!
* * * LOW HITPOINT WARNING * * *
You enter the passage of Golubria.
Cerebov is no longer moving quickly.
The balrug gestures at you. The bolt of fire hits you. You resist.
* * * LOW HITPOINT WARNING * * *
The balrug gestures at you.
The bolt of fire hits you but does no damage.
Cerebov gestures.
Cerebov seems to speed up.
The hellion gestures at you.
The sphere of damnation explodes!
The damnation engulfs you!!
You die...

.... #....≈v≈≈§..~.##.....#
..... *#....≈≈≈v..~♣##.....#
...... #.♣.^.~≈≈≈~~##......#
...... ♣.♣...~≈≈≈.~♣#......#
.....#** #♣.....~♣' ##.....#
.....#, ,#♣♣..♣♣#♣ #.....#
.....# * ♣'')# , #.....#
.....# ,,#♣♣...♣## #.....#
.....#♣###)....)8♣♣♣♣#.....#
.........)).♣..§...........#
......♣♣♣......)...........#
...)..))♣....♣...♣.........#
.......).........2.........#
.......).......)...........#
..............##2..........#
....∩.......2.#.&........∩.#
..............#............#


You could see Cerebov (fast), 2 balrugs and a hellion (summoned).

Vanquished Creatures
  5 pandemonium lords (Pan)
  the Royal Jelly (Slime:5)
  Gloorx Vloq (Pan)
  Mnoleg (Pan)
  A dread lich (Pan)
  Mara (Vaults:5)
  A juggernaut (Depths:2)
  Mennas (Pan)
  Parghit (Depths:3)
  Bai Suzhen (Snake:4)
  3 golden dragons
  Jory (Depths:3)
  3 Tzitzimimeh (Pan)
  3 Brimstone Fiends (Pan)
  4 Hell Sentinels (Pan)
  2 tentacled monstrosities
  2 liches
  A walking crystal tome (Depths:3)
  Rupert (Lair:4)
  6 acid blobs
  A quicksilver dragon (Vaults:5)
  3 titans
  10 Executioners
  Kirke (Lair:3)
  3 tentacled starspawn
  A shadow dragon (Vaults:5)
  4 azure jellies
  3 nagarajas (Snake:4)
  4 rockslimes
  2 storm dragons
  4 demonspawn warmongers (Pan)
  6 fire giants
  2 frost giants
  A daeva (Abyss:4)
  3 vault wardens
  2 deep elf sorcerers (Vaults:5)
  An iron dragon (Depths:3)
  15 balrugs
  2 ghost moths (Pan)
  A curse skull (Pan)
  A demonspawn blood saint (Pan)
  4 ironbound preservers
  4 cacodemons (Pan)
  4 demonspawn corrupters (Pan)
  10 reapers
  A spriggan defender (Depths:2)
  An orc warlord (Orc:1)
  8 quicksilver oozes (Slime:5)
  6 very ugly things
  3 stone giants
  2 war gargoyles (Vaults:1)
  2 ironbound thunderhulks
  A deep elf demonologist (Vaults:5)
  A vampire knight (Depths:3)
  2 demonspawn black suns (Pan)
  9 lorocyprocas (Pan)
  A minotaur (Gauntlet)
  3 spark wasps (Depths:1)
  5 dire elephants (Vaults:1)
  5 ettins
  5 blizzard demons (Pan)
  6 green deaths
  2 merfolk impalers (Shoals:4)
  An entropy weaver (Vaults:5)
  2 deep elf death magi (Vaults:5)
  7 yaktaur captains
  4 merfolk javelineers (Shoals:4)
  2 deep elf high priests
  A great orb of eyes (Slime:1)
  4 fire dragons
  3 ice dragons
  A hydra (Lair:2)
  2 rakshasas (Abyss:3)
  14 vault guards
  2 ogre magi (Vaults:5)
  2 hell beasts (Pan)
  A ghost crab (Abyss:4)
  6 centaur warriors
  3 salamander tyrants
  5 merfolk avatars (Shoals:1)
  A peacekeeper (Vaults:1)
  4 anacondas
  4 ironbound frosthearts
  2 death knights
  A catoblepas (Lair:5)
  4 two-headed ogres
  2 tengu warriors
  2 deep troll shamans (Depths:2)
  4 merfolk aquamancers
  8 naga warriors (Snake:4)
  4 deep troll earth magi
  A spriggan berserker (Depths:2)
  8 soul eaters
  2 hell hogs (Depths:3)
  6 naga sharpshooters
  4 hell knights (Depths:2)
  3 shock serpents
  26 sun demons (Pan)
  A shadow wraith (Pan)
  2 skysharks
  A fire crab (Abyss:4)
  12 sixfirhies (Pan)
  12 skeletal warriors
  4 sea snakes
  3 nameless horrors
  A salamander mystic (Snake:4)
  22 deep trolls
  5 shadow demons (Pan)
  3 naga ritualists
  19 large abominations
  A glowing orange brain (Vaults:1)
  5 ironbound convokers
  2 harpies (Shoals:3)
  A flayed ghost (D:15)
  3 necromancers
  4 orc knights
  2 lindwurms
  7 wizards
  4 phantasmal warriors
  5 mana vipers
  2 cyclopes (D:13)
  A fire giant zombie (D:15)
  6 salamanders
  3 shining eyes
  7 ugly things
  A demonspawn zombie (Pan)
  6 manticores
  4 fauns
  6 elephants
  An orc sorcerer (D:15)
  A rust devil (Pan)
  An apocalypse crab (Abyss:4)
  3 vault sentinels
  2 merfolk sirens
  7 demonic crawlers (Pan)
  2 eyes of devastation
  2 naga magi (Snake:4)
  17 black mambas
  A molten gargoyle (Lair:5)
  17 starcursed masses
  A water nymph (Shoals:4)
  16 smoke demons
  6 orange demons
  2 dire elephant skeletons (Pan)
  A torpor snail (shapeshifter) (Vaults:5)
  A gargoyle (Volcano)
  5 yaktaurs
  A rime drake (shapeshifter) (D:13)
  A rime drake (Lair:5)
  7 hellions
  8 cane toads
  2 efreet
  2 freezing wraiths (D:15)
  5 komodo dragons
  An ancient zyme (Abyss:3)
  8 red devils
  5 tormentors (Pan)
  An ice devil (Depths:2)
  3 wind drakes
  A guardian mummy (D:15)
  8 hellwings
  2 trolls
  A polar bear (shapeshifter) (D:13)
  A polar bear (Lair:4)
  A tarantella (Vaults:5)
  A harpy skeleton (Abyss:3)
  A merfolk (Shoals:1)
  2 blink frogs (Lair:3)
  A hornet (Abyss:4)
  4 raiju
  8 dream sheep (Lair:5)
  A fire dragon skeleton (Pan)
  A snapping turtle (Shoals:1)
  An ettin zombie (Depths:3)
  19 slime creatures
  An ettin skeleton (D:15)
  16 ynoxinuls
  3 wyverns
  10 water elementals
  3 wraiths
  2 shadows
  3 fire elementals
  A hog (Lair:3)
  33 yaks
  A slime creature zombie (D:15)
  5 basilisks
  A fire bat (Abyss:3)
  3 golden eyes
  9 neqoxecs (Pan)
  3 steam dragons
  A redback (Vaults:5)
  4 vampire mosquitoes
  11 chaos spawn
  2 wargs
  Menkaure (D:6)
  15 nagas
  A human zombie (Vaults:1)
  9 water moccasins
  4 hell hounds
  An acid dragon (D:13)
  2 floating eyes (Depths:3)
  An ice beast (shapeshifter) (D:13)
  A naga skeleton (Pan)
  A sky beast (D:8)
  3 black bears
  19 orc warriors
  A human skeleton (D:15)
  12 ogres
  A phantom (D:5)
  5 centaurs
  2 wolves (Lair:4)
  4 small abominations (Abyss:3)
  A bullfrog (D:8)
  3 scorpions
  A wyvern zombie (Ossuary)
  4 killer bees (D:10)
  A howler monkey (D:6)
  2 centaur zombies (Ossuary)
  5 bullfrog zombies (Ossuary)
  4 crimson imps (Pan)
  2 lava snakes (Lair:5)
  2 quasits (Abyss:3)
  4 iron imps (Gauntlet)
  4 hounds
  4 jellies
  A gnoll bouda (D:8)
  3 orc priests
  An iguana (D:6)
  A sleepcap (D:4)
  7 orc wizards
  12 mummies (Ossuary)
  A howler monkey zombie (Ossuary)
  15 gnolls
  2 adders (D:6)
  A shadow imp (D:5)
  A white imp (Abyss:3)
  A worm (D:5)
  29 orcs
  5 endoplasms
  A giant cockroach (D:4)
  6 goblins
  3 hobgoblins
  4 jackals (D:5)
  2 ball pythons
  5 bats
  10 kobolds
  A rat (D:3)
  A starspawn tentacle (Abyss:3)
  A tentacle (Abyss:4)
1025 creatures vanquished.

Vanquished Creatures (collateral kills)
  Ignacio (Pan)
  Vashnia (Snake:3)
  A hellephant (Pan)
  2 liches
  3 tentacled monstrosities
  An eldritch tentacle (Pan)
  8 acid blobs
  3 Executioners (Pan)
  A kraken (Abyss:4)
  A tengu reaver (Vaults:5)
  2 rockslimes (Slime:5)
  A fire giant (Depths:3)
  A nagaraja (Snake:4)
  8 azure jellies
  A demonspawn warmonger (Pan)
  3 frost giants (Depths:2)
  2 deep elf sorcerers
  4 vault wardens
  2 balrugs (Pan)
  A ghost moth (Pan)
  2 ironbound preservers (Vaults:1)
  A demonspawn corrupter (Pan)
  2 stone giants (Vaults:5)
  5 very ugly things
  10 cacodemons (Pan)
  A demonspawn blood saint (Pan)
  An ironbound thunderhulk (Vaults:3)
  6 reapers (Pan)
  A quicksilver ooze (Slime:4)
  A deep elf demonologist (Pan)
  2 deep elf annihilators
  3 lorocyprocas (Pan)
  5 dire elephants (Vaults:1)
  A deep elf death mage (Vaults:5)
  2 merfolk javelineers (Shoals:4)
  A merfolk impaler (Shoals:4)
  An ettin (Vaults:5)
  2 green deaths (Pan)
  Josephine (Lair:5)
  A fire dragon (Depths:1)
  2 yaktaur captains
  A shambling mangrove (Abyss:4)
  3 great orbs of eyes
  A deep elf high priest (Vaults:5)
  A salamander tyrant (Snake:4)
  13 vault guards (Vaults:5)
  3 rakshasas
  A hell beast (Pan)
  3 ogre magi
  2 merfolk aquamancers
  An ironbound frostheart (Vaults:1)
  A merfolk avatar (Shoals:3)
  3 two-headed ogres (Vaults:5)
  2 anacondas (Snake:4)
  An orc high priest (Pan)
  A deep troll earth mage (Depths:2)
  6 naga warriors (Snake:4)
  A vampire mage (Depths:1)
  A shock serpent (Snake:4)
  7 sun demons (Pan)
  4 soul eaters (Pan)
  4 naga sharpshooters
  8 large abominations (Pan)
  3 shadow wraiths (Pan)
  A salamander mystic (Snake:4)
  A wretched star (Abyss:3)
  2 iron trolls (Depths:3)
  22 deep trolls
  6 sea snakes (Shoals:3)
  12 sixfirhies (Pan)
  Lodul (D:11)
  2 skysharks
  A shadow demon (Pan)
  2 naga ritualists (Snake:4)
  3 ironbound convokers
  A flayed ghost (Depths:2)
  3 harpies
  3 wizards
  8 ugly things
  A mana viper (Snake:4)
  An orc sorcerer (Orc:1)
  4 lindwurms
  4 salamanders
  A frost giant zombie (D:15)
  2 fauns
  An iron dragon skeleton (Pan)
  2 shining eyes (Slime:4)
  2 cyclopes
  2 manticores (Shoals:4)
  3 merfolk sirens
  A will-o-the-wisp (Abyss:3)
  11 black mambas
  5 elephants
  A black mamba (shapeshifter) (Vaults:5)
  2 apocalypse crabs (Abyss:4)
  8 smoke demons (Pan)
  2 naga magi
  2 molten gargoyles (Lair:5)
  2 rust devils
  A water nymph (Shoals:4)
  A centaur zombie (D:10)
  3 eyes of devastation
  3 vault sentinels
  An unseen horror (D:13)
  12 orange demons (Pan)
  2 demonic crawlers (Pan)
  6 cane toads
  A centaur skeleton (Pan)
  A nameless horror (Shoals:1)
  A freezing wraith (D:15)
  An efreet (Pan)
  A rime drake (Lair:5)
  2 hellions (Pan)
  3 komodo dragons
  5 yaktaurs
  2 red devils (Pan)
  An ancient zyme (Abyss:4)
  A troll (D:9)
  4 merfolk
  4 hellwings (Pan)
  3 wind drakes
  2 snapping turtles
  7 dream sheep
  A blink frog (Lair:3)
  31 slime creatures
  23 yaks
  5 ynoxinuls (Pan)
  2 air elementals (Shoals:4)
  2 wraiths (Lair:5)
  3 water elementals
  4 basilisks
  2 chaos spawn (Pan)
  2 golden eyes
  A hog (shapeshifter) (Vaults:1)
  6 neqoxecs (Pan)
  A steam dragon (Lair:5)
  A redback (Vaults:5)
  11 nagas (Snake:4)
  3 water moccasins
  A hell hound (Lair:5)
  A floating eye (Slime:5)
  An orc warrior (D:9)
  3 ogres
  A wolf (Lair:4)
  2 bullfrogs
  A wyvern zombie (Ossuary)
  2 killer bees (D:10)
  3 lava snakes (Lair:5)
  2 crimson imps (Pan)
  2 starcursed masses (Abyss:3)
  2 orc priests
  8 mummies (Ossuary)
  4 orc wizards
  An iguana (shapeshifter) (Vaults:5)
  2 killer bee zombies (Ossuary)
  An ogre zombie (D:11)
  A gnoll (D:8)
  21 orcs
  A hobgoblin (Bailey)
  A kobold (Bailey)
  2 ball lightnings (Pan)
  A fire vortex (Pan)
  A plant (Shoals:3)
525 creatures vanquished.

Vanquished Creatures (others)
  An ancient lich (Vaults:5)
  A jelly zombie (Slime:5)
  A demonspawn blood saint (Pan)
  A draconian annihilator (Pan)
  2 very ugly thing zombies (Depths:3)
  A green death (Pan)
  4 acid blob zombies
  2 blizzard demons (Pan)
  2 rakshasas (Pan)
  A spriggan air mage (Pan)
  A quicksilver ooze zombie (Slime:5)
  A titan zombie (Shoals:4)
  3 azure jelly zombies (Slime:5)
  A sun demon (Pan)
  A storm dragon zombie (Vaults:5)
  A sixfirhy (Pan)
  2 golden dragon zombies
  3 anaconda zombies (Snake:4)
  6 wizards (Pan)
  A tengu zombie (Vaults:5)
  A shadow dragon zombie (Vaults:5)
  A frost giant zombie (Depths:3)
  4 ugly thing zombies
  2 stone giant zombies
  5 fire giant zombies
  A shock serpent zombie (Snake:4)
  2 dire elephant zombies (Vaults:1)
  5 smoke demons (Pan)
  4 demonspawn zombies (Pan)
  A hellion (Pan)
  2 sea snake zombies
  A redback zombie (Vaults:5)
  3 yaktaur zombies
  2 mana viper zombies (Snake:4)
  An iron troll zombie (Depths:3)
  5 demonic crawler zombies (Pan)
  2 hellwings (Pan)
  2 harpy zombies (Shoals:3)
  An ettin zombie (Vaults:5)
  A fire dragon zombie (D:15)
  A slime creature (Slime:2)
  16 black mamba zombies
  A water elemental (Shoals:1)
  An ice dragon zombie (Depths:1)
  3 humans (Lair:3)
  3 wind drake zombies
  12 slime creature zombies
  8 elf zombies
  9 deep troll zombies
  6 two-headed ogre zombies
  4 salamander zombies (Snake:4)
  A skyshark zombie (Lair:3)
  A faun zombie (Shoals:3)
  3 cane toad zombies (Lair:5)
  A blink frog zombie (Lair:3)
  3 manticore zombies
  5 merfolk zombies (Shoals:4)
  5 elephant zombies (Lair:5)
  37 human zombies
  30 naga zombies
  4 lindwurm zombies
  A hog zombie (Vaults:1)
  A rime drake zombie (Lair:5)
  2 hell hound zombies (Lair:5)
  7 yak zombies
  A nameless horror (Depths:2)
  2 wolf zombies (Lair:4)
  A basilisk zombie (Lair:5)
  5 ogre zombies
  An iguana zombie (Vaults:5)
  A lava snake zombie (Lair:5)
  3 orc zombies
  13 ball lightnings (Pan)
  3 blocks of ice (Pan)
  A fire vortex (Pan)
  2 foxfires (Abyss:3)
  49 fungi
  A lurking horror (Abyss:3)
  90 plants
  A snaplasher vine (Pan)
  7 starspawn tentacles
  14 tentacles (Abyss:4)
  9 withered plants
451 creatures vanquished.

Grand Total: 2001 creatures vanquished

Notes
Turn   | Place    | Note
-------+----------+-------------------------------------------
     0 | D:1      | redmage the Meteoran Earth Elementalist began the quest for
                  | the Orb.
     0 | D:1      | Reached XP level 1. HP: 14/14 MP: 5/5
    88 | D:1      | Reached XP level 2. HP: 20/20 MP: 5/7
   127 | D:1      | Learned a level 2 spell: Passwall
   282 | D:2      | Found Etacwiysi's Book Shoppe.
   365 | D:3      | Found a broken altar of Ashenzari.
   446 | D:4      | Found Ea-nāṣir's Fine Metal Goods.
   448 | D:4      | Reached XP level 3. HP: 26/26 MP: 8/8
   452 | D:4      | Learned a level 3 spell: Stone Arrow
   485 | D:4      | Reached skill level 1 in Conjurations
   485 | D:4      | Reached XP level 4. HP: 10/33 MP: 10/10
   508 | D:4      | Reached XP level 5. HP: 33/38 MP: 12/12
   530 | D:5      | Entered Level 5 of the Dungeon
   533 | D:5      | Reached skill level 5 in Earth Magic
   533 | D:5      | Reached XP level 6. HP: 45/45 MP: 13/13
   561 | D:5      | Found a sacrificial altar of Ru.
   564 | D:5      | Noticed a black bear
   572 | D:5      | Killed a black bear
   578 | D:5      | Reached skill level 5 in Spellcasting
   578 | D:5      | Reached XP level 7. HP: 50/50 MP: 12/15
   584 | D:5      | Found a white marble altar of Elyvilon.
   588 | D:5      | Found a basalt altar of Yredelemnul.
   589 | D:5      | Found a burning altar of Makhleb.
   589 | D:5      | Found a shimmering altar of Xom.
   618 | D:4      | Reached skill level 5 in Conjurations
   721 | D:6      | Found Kysotep's Assorted Antiques.
   770 | D:6      | Noticed Menkaure
   776 | D:6      | Killed Menkaure
   777 | D:6      | Reached XP level 8. HP: 57/57 MP: 17/17
   851 | D:6      | Found a staircase to the Ecumenical Temple.
   860 | Temple   | Entered the Ecumenical Temple
   870 | Temple   | Became a worshipper of Cheibriados the Contemplative
  1038 | D:7      | Reached * piety under Cheibriados
  1045 | D:7      | Gained mutation: You passively map the area around you.
                  | [Meteoran growth]
  1045 | D:7      | Reached XP level 9. HP: 46/62 MP: 8/21
  1063 | D:7      | Found a flagged portal.
  1079 | Bailey   | Entered a bailey
  1085 | Bailey   | Noticed an orc knight
  1107 | Bailey   | Learned a level 4 spell: Summon Lightning Spire
  1118 | Bailey   | Reached skill level 1 in Summonings
  1118 | Bailey   | Reached skill level 1 in Air Magic
  1162 | Bailey   | Killed an orc knight
  1163 | Bailey   | Reached skill level 5 in Summonings
  1163 | Bailey   | Reached skill level 5 in Air Magic
  1249 | D:8      | Reached ** piety under Cheibriados
  1250 | D:8      | Reached XP level 10. HP: 55/69 MP: 18/22
  1281 | D:8      | Identified a scroll of acquirement
  1281 | D:8      | Acquired 555 gold pieces
  1365 | D:8      | Reached skill level 1 in Invocations
  1424 | D:8      | Found a sand-covered staircase.
  1429 | Ossuary  | Entered an ossuary
  1448 | Ossuary  | Reached *** piety under Cheibriados
  1457 | Ossuary  | Reached skill level 5 in Invocations
  1654 | D:8      | Noticed a komodo dragon
  1659 | D:8      | Killed a komodo dragon
  1686 | D:10     | Entered Level 10 of the Dungeon
  1703 | D:10     | Reached XP level 11. HP: 53/74 MP: 25/25
  1705 | D:10     | Reached **** piety under Cheibriados
  1715 | D:10     | Found a staircase to the Orcish Mines.
  1724 | Orc:1    | Entered Level 1 of the Orcish Mines
  1726 | Orc:1    | Noticed an orc warlord
  1743 | Orc:1    | Reached skill level 10 in Spellcasting
  1762 | Orc:1    | Killed an orc warlord
  1763 | Orc:1    | Reached skill level 10 in Invocations
  1788 | Orc:1    | Noticed a two-headed ogre
  1795 | Orc:1    | Killed a two-headed ogre
  1812 | Orc:1    | Noticed an orc sorcerer
  1817 | Orc:1    | Killed an orc sorcerer
  1829 | Orc:1    | Found Eneuc's Armour Shoppe.
  1843 | Orc:2    | Entered Level 2 of the Orcish Mines
  1850 | Orc:2    | Reached ***** piety under Cheibriados
  1883 | Orc:2    | Noticed an orc knight
  1889 | Orc:2    | Killed an orc knight
  1926 | Orc:2    | Found a staircase to the Elven Halls.
  2229 | D:6      | Bought a runed helmet for 225 gold pieces
  2229 | D:6      | Bought a fuming pink potion for 27 gold pieces
  2303 | D:4      | Bought a masterwork broad axe for 261 gold pieces
  2303 | D:4      | Identified the +5 broad axe "Grim" {heavy, +Blink rF- rN+}
                  | (You bought it in a shop on level 4 of the Dungeon)
  2388 | D:2      | Bought a book of Unlife for 468 gold pieces
  2388 | D:2      | Bought a book of the Earth for 468 gold pieces
  2394 | D:2      | Learned a level 5 spell: Borgnjor's Vile Clutch
  2401 | D:2      | Learned a level 6 spell: Statue Form
  2585 | D:8      | Found a staircase to the Lair.
  2587 | D:8      | Reached skill level 1 in Necromancy
  2591 | Lair:1   | Entered Level 1 of the Lair of Beasts
  2625 | Lair:1   | Reached XP level 12. HP: 81/81 MP: 28/28
  2717 | Lair:1   | Learned a level 4 spell: Animate Dead
  2751 | Lair:1   | Found a dark tunnel.
  2757 | Volcano  | Entered a volcano
  2964 | Lair:2   | Reached skill level 5 in Transmutations
  3020 | Lair:2   | Reached skill level 5 in Necromancy
  3050 | Lair:2   | Noticed a six-headed hydra
  3074 | Lair:2   | HP: 1/81 [naga/+0 trident (10)]
  3088 | Lair:2   | Killed a six-headed hydra
  3162 | Lair:2   | Reached XP level 13. HP: 86/86 MP: 21/29
  3163 | Lair:2   | Reached ****** piety under Cheibriados
  3223 | Lair:4   | Noticed Rupert
  3231 | Lair:4   | Killed Rupert
  3232 | Lair:4   | Reached skill level 10 in Earth Magic
  3260 | Lair:4   | Reached skill level 10 in Transmutations
  3264 | Lair:4   | Reached skill level 1 in Fighting
  3264 | Lair:5   | Entered Level 5 of the Lair of Beasts
  3285 | Lair:5   | Noticed Josephine
  3299 | Lair:5   | Killed Josephine
  3309 | Lair:5   | Reached skill level 5 in Dodging
  3396 | Lair:5   | Reached skill level 5 in Fighting
  3428 | Lair:5   | Reached XP level 14. HP: 108/108 MP: 13/30
  3644 | Lair:5   | Found a large runed translucent door.
  3644 | Lair:5   | Found a large runed translucent door.
  3651 | Lair:5   | Noticed a fire dragon
  3658 | Lair:5   | Killed a fire dragon
  3799 | Lair:4   | Reached skill level 10 in Dodging
  3916 | Lair:4   | Found a viscous altar of Jiyva.
  3916 | Lair:4   | Found a staircase to the Slime Pits.
  4013 | Lair:3   | Found a staircase to the Shoals.
  4056 | Lair:3   | Noticed Kirke
  4062 | Lair:3   | Killed Kirke
  4089 | Lair:3   | Found a staircase to the Snake Pit.
  4094 | Snake:1  | Entered Level 1 of the Snake Pit
  4100 | Snake:1  | Reached skill level 10 in Fighting
  4103 | Snake:1  | Reached XP level 15. HP: 126/126 MP: 24/31
  4201 | Snake:3  | Noticed Vashnia
  4217 | Snake:3  | Killed Vashnia
  4244 | Snake:4  | Entered Level 4 of the Snake Pit
  4309 | Snake:4  | Noticed Bai Suzhen
  4326 | Snake:4  | Killed Bai Suzhen
  4394 | Snake:4  | Reached skill level 15 in Spellcasting
  4408 | Snake:4  | Reached skill level 1 in Long Blades
  4409 | Snake:4  | Reached skill level 2 in Long Blades
  4412 | Snake:4  | Reached skill level 3 in Long Blades
  4415 | Snake:4  | Reached skill level 4 in Long Blades
  4419 | Snake:4  | Reached skill level 5 in Long Blades
  4434 | Snake:4  | Reached XP level 16. HP: 134/134 MP: 28/36
  4438 | Snake:4  | Reached skill level 6 in Long Blades
  4443 | Snake:4  | Noticed a nagaraja
  4444 | Snake:4  | Noticed a nagaraja
  4446 | Snake:4  | Reached skill level 7 in Long Blades
  4449 | Snake:4  | Killed a nagaraja
  4450 | Snake:4  | Reached skill level 8 in Long Blades
  4450 | Snake:4  | Killed a nagaraja
  4453 | Snake:4  | Reached skill level 9 in Long Blades
  4476 | Snake:4  | Reached skill level 10 in Long Blades
  4483 | Snake:4  | Noticed a nagaraja
  4487 | Snake:4  | Killed a nagaraja
  4488 | Snake:4  | Reached skill level 11 in Long Blades
  4495 | Snake:4  | Noticed a nagaraja
  4506 | Snake:4  | Killed a nagaraja
  4507 | Snake:4  | Identified the +3 ring mail of Dimoc {Regen+ rCorr Int+4}
  4512 | Snake:4  | Reached skill level 12 in Long Blades
  4550 | Snake:4  | Reached skill level 1 in Shields
  4560 | Snake:4  | Got a serpentine rune of Zot
  4722 | Lair:3   | Reached XP level 17. HP: 140/140 MP: 29/37
  4750 | Shoals:1 | Entered Level 1 of the Shoals
  4763 | Shoals:1 | Reached skill level 13 in Long Blades
  4799 | Shoals:1 | Learned a level 6 spell: Summon Cactus Giant
  4806 | Shoals:1 | Learned a level 6 spell: Death Channel
  4849 | Shoals:1 | Reached skill level 5 in Shields
  5086 | Shoals:4 | Entered Level 4 of the Shoals
  5104 | Shoals:4 | Paralysed by an air elemental for 1 turns
  5160 | Shoals:4 | Noticed a titan
  5169 | Shoals:4 | Killed a titan
  5177 | Shoals:4 | Gained mutation: You passively map a large area around you.
                  | [Meteoran growth]
  5177 | Shoals:4 | Reached XP level 18. HP: 103/147 MP: 7/38
  5182 | Shoals:4 | Paralysed by an air elemental for 1 turns
  5189 | Shoals:4 | Identified the ring of Ytimis {rF+++ rN+ Dex+6 SInv Stlth-}
  5199 | Shoals:4 | Got a barnacled rune of Zot
  5204 | Shoals:4 | Identified the staff of poison "Tem Xuck" {rPois Str+3
                  | SInv}
  5377 | Lair:3   | Learned a level 7 spell: Ozocubu's Refrigeration
  5431 | Slime:1  | Entered Level 1 of the Pits of Slime
  5431 | Slime:1  | Noticed an acid blob
  5439 | Slime:1  | Reached skill level 1 in Ice Magic
  5446 | Slime:1  | Killed an acid blob
  5479 | Slime:2  | Noticed an acid blob
  5483 | Slime:2  | Killed an acid blob
  5490 | Slime:2  | Reached skill level 5 in Ice Magic
  5592 | Slime:5  | Entered Level 5 of the Pits of Slime
  5600 | Slime:5  | Noticed an acid blob
  5608 | Slime:5  | Killed an acid blob
  5612 | Slime:5  | Noticed an acid blob
  5612 | Slime:5  | Killed an acid blob
  5630 | Slime:5  | Found a viscous altar of Jiyva.
  5631 | Slime:5  | Noticed the Royal Jelly
  5633 | Slime:5  | Noticed an acid blob
  5638 | Slime:5  | Noticed an acid blob
  5638 | Slime:5  | Killed an acid blob
  5639 | Slime:5  | Reached skill level 10 in Ice Magic
  5639 | Slime:5  | Noticed an acid blob
  5640 | Slime:5  | Noticed an acid blob
  5641 | Slime:5  | Noticed an acid blob
  5643 | Slime:5  | Noticed an acid blob
  5645 | Slime:5  | Killed an acid blob
  5646 | Slime:5  | Killed an acid blob
  5646 | Slime:5  | Paralysed by a floating eye for 2 turns
  5650 | Slime:5  | Killed an acid blob
  5652 | Slime:5  | Killed an acid blob
  5653 | Slime:5  | Noticed an acid blob
  5658 | Slime:5  | Killed an acid blob
  5659 | Slime:5  | Reached XP level 19. HP: 139/154 MP: 22/39
  5665 | Slime:5  | Killed an acid blob
  5669 | Slime:5  | Noticed an acid blob
  5672 | Slime:5  | Noticed an acid blob
  5672 | Slime:5  | Noticed an acid blob
  5675 | Slime:5  | Killed an acid blob
  5680 | Slime:5  | Killed an acid blob
  5681 | Slime:5  | Killed the Royal Jelly
  5683 | Slime:5  | Killed an acid blob
  5727 | Slime:5  | Got the Tractate on the Roasted Black Widow
  5763 | Slime:5  | Got a slimy rune of Zot
  5764 | Slime:5  | Identified the staff of poison "Eprelib" {Drain rPois rC+++
                  | rN+ Str+2}
  5810 | Slime:5  | Identified the +4 falchion of the Loving Gods {freeze,
                  | +Blink rElec MP+9 SInv}
  5820 | Slime:5  | Your ally the Royal Jelly died
  5836 | Slime:5  | Identified the +1 leather armour "Agiypt" {rC- rN+ Int+6}
  5840 | Slime:5  | Got the Treatise on Corpses
  5858 | Slime:5  | Identified the +0 hand axe "Gram" {holy, Int+4}
  6114 | D:9      | Found an ancient bone altar of Kikubaaqudgha.
  6147 | D:10     | Found Iviefi's Magic Scroll Shoppe.
  6154 | D:10     | Bought a scroll of poison for 48 gold pieces
  6154 | D:10     | Bought a scroll of blinking for 90 gold pieces
  6154 | D:10     | Bought a scroll of blinking for 90 gold pieces
  6154 | D:10     | Bought a scroll of summoning for 114 gold pieces
  6154 | D:10     | Bought a scroll of enchant armour for 90 gold pieces
  6154 | D:10     | Bought a scroll of brand weapon for 114 gold pieces
  6154 | D:10     | Bought a scroll of amnesia for 48 gold pieces
  6164 | D:11     | Noticed Lodul
  6172 | D:11     | Killed Lodul
  6257 | D:13     | Found a gate to the Vaults.
  6260 | Vaults:1 | Entered Level 1 of the Vaults
  6262 | Vaults:1 | Identified the +10 long sword of Joyful Slaughter {heavy,
                  | +Blink Fly Int+5}
  6272 | Vaults:1 | Learned a level 5 spell: Summon Forest
  6291 | Vaults:1 | Reached skill level 1 in Armour
  6340 | Vaults:1 | Reached skill level 14 in Long Blades
  6344 | Vaults:1 | Reached skill level 10 in Shields
  6375 | Vaults:1 | Reached XP level 20. HP: 161/161 MP: 34/40
  6378 | Vaults:1 | Reached skill level 5 in Armour
  6613 | Vaults:1 | Glimpsed the power of Zot.
  6635 | Vaults:1 | Glimpsed the power of Zot.
  6653 | Vaults:1 | Glimpsed the power of Zot.
  6658 | Vaults:1 | Touched by the power of Zot.
  6750 | Vaults:3 | Reached skill level 10 in Necromancy
  7115 | Vaults:5 | Entered Level 5 of the Vaults
  7119 | Vaults:5 | Reached XP level 21. HP: 115/140 MP: 34/42
  7120 | Vaults:5 | Noticed a golden dragon
  7126 | Vaults:5 | Killed a golden dragon
  7155 | Vaults:5 | Noticed Mara
  7161 | Vaults:5 | Killed Mara
  7161 | Vaults:5 | Noticed a tentacled monstrosity
  7164 | Vaults:5 | Killed a tentacled monstrosity
  7170 | Vaults:5 | Noticed a tentacled monstrosity
  7177 | Vaults:5 | Killed a tentacled monstrosity
  7186 | Vaults:5 | Noticed an ancient lich
  7189 | Vaults:5 | Killed an ancient lich
  7203 | Vaults:5 | Noticed a Brimstone Fiend
  7353 | Vaults:5 | Got a silver rune of Zot
  7372 | Vaults:5 | Identified the ring "Giesog" {rN+ Str+2}
  7375 | Vaults:5 | Reached XP level 22. HP: 151/151 MP: 33/44
  7754 | D:15     | Entered Level 15 of the Dungeon
  7850 | D:15     | Found a gate leading to a gauntlet.
  7858 | Gauntlet | Entered a Gauntlet
  7858 | Gauntlet | Found a transporter.
  7875 | Gauntlet | Found a transporter.
  7886 | Gauntlet | Found a runed translucent door.
  7887 | Gauntlet | Found a transporter.
  7900 | Gauntlet | Found a runed translucent door.
  7906 | Gauntlet | Found a transporter.
  7906 | Gauntlet | Found a transporter.
  7906 | Gauntlet | Found a transporter.
  7921 | Gauntlet | Found a runed translucent gate.
  7921 | Gauntlet | Found a runed translucent gate.
  7921 | Gauntlet | Found a runed translucent gate.
  7939 | Gauntlet | Found a transporter.
  7940 | Gauntlet | Identified the +0 robe "Jurreapp" {Int+2}
  7942 | Gauntlet | Identified the +1 pair of gloves of the Northern Lights
                  | {Str+5 Int+5}
  7966 | Gauntlet | Found the +11 Singing Sword {sonic wave}
  8165 | D:15     | Found a staircase to the Depths.
  8180 | Depths:1 | Entered Level 1 of the Depths
  8362 | Depths:2 | Noticed a juggernaut
  8373 | Depths:2 | Killed a juggernaut
  8450 | Depths:2 | Found a one-way gate leading to the halls of Pandemonium.
  8461 | Pan      | Entered Pandemonium
  8520 | Pan      | Noticed Vaps the pandemonium lord
  8532 | Pan      | Killed Vaps the pandemonium lord
  8533 | Pan      | Reached XP level 23. HP: 54/161 MP: 5/46
  8534 | Pan      | Noticed a golden dragon
  8536 | Pan      | Noticed a golden dragon
  8536 | Pan      | Noticed a golden dragon
  8584 | Pan      | Reached skill level 1 in Evocations
  8599 | Pan      | Reached skill level 15 in Shields
  8633 | Pan      | Gained mutation: You are dopey. (Int -2) [a cacodemon]
  8680 | Pan      | Noticed Kusesane the pandemonium lord
  8738 | Pan      | Found Hyqothuc's Fine Accessories.
  8750 | Pan      | Reached skill level 15 in Long Blades
  8762 | Pan      | Found an opulent altar of Gozag.
  8770 | Pan      | Found an opulent altar of Gozag.
  8783 | Pan      | Noticed a dread lich
  8791 | Pan      | Killed a dread lich
  8798 | Pan      | Found Hyqothuc's Assorted Sundries.
  8823 | Pan      | Found an opulent altar of Gozag.
  8824 | Pan      | Bought 2 potions of cancellation for 320 gold pieces
  8824 | Pan      | Bought a scroll of enchant armour for 150 gold pieces
  8833 | Pan      | Found Hyqothuc's Jewellery Shoppe.
  8840 | Pan      | Bought a ring of wizardry for 600 gold pieces
  8846 | Pan      | Found Hyqothuc's Demonic Rune Sales.
  8846 | Pan      | Noticed Hyqothuc the pandemonium lord
  8854 | Pan      | Killed Hyqothuc the pandemonium lord
  8855 | Pan      | Reached skill level 5 in Evocations
  8864 | Pan      | Reached skill level 16 in Long Blades
  8871 | Depths:2 | Escaped Pandemonium
  8884 | Pan      | Entered Pandemonium
  9067 | Pan      | Entered the realm of Lom Lobon.
  9194 | Pan      | Reached XP level 24. HP: 168/168 MP: 46/46
  9209 | Pan      | Learned a level 7 spell: Haunt
  9275 | Pan      | Noticed Lom Lobon
  9382 | Pan      | Got a magical rune of Zot
  9402 | Pan      | Reached skill level 17 in Long Blades
  9435 | Pan      | Noticed Hupudiz the pandemonium lord
  9450 | Pan      | Killed Hupudiz the pandemonium lord
  9451 | Pan      | Reached skill level 10 in Summonings
  9498 | Pan      | Noticed Nyonutao the pandemonium lord
  9517 | Pan      | Learned a level 4 spell: Passage of Golubria
  9555 | Pan      | Reached skill level 1 in Translocations
  9595 | Pan      | Noticed Lom Lobon
  9638 | Pan      | Reached skill level 18 in Long Blades
  9699 | Pan      | Killed Nyonutao the pandemonium lord
  9704 | Pan      | Reached skill level 5 in Translocations
  9760 | Depths:2 | Escaped Pandemonium
  9827 | Depths:2 | Found a runed translucent gate.
  9827 | Depths:2 | Found a runed translucent gate.
  9827 | Depths:2 | Found an opulent altar of Gozag.
  9827 | Depths:2 | Found a runed translucent gate.
  9827 | Depths:2 | Found Ajiprint's Assorted Antiques.
  9827 | Depths:2 | Noticed Ntrails's ghost (adept DgFE)
  9854 | Depths:3 | Noticed Parghit
  9864 | Depths:3 | Paralysed by a floating eye for 4 turns
  9915 | Depths:3 | Found a gateway to Hell.
  9940 | Depths:4 | Entered Level 4 of the Depths
  9978 | Depths:3 | Noticed a golden dragon
  9981 | Depths:3 | Identified the amulet of the Histrionic God {Fly Regen+}
  9981 | Depths:3 | Noticed Jory
  9985 | Depths:3 | Killed a golden dragon
  9995 | Depths:3 | Paralysed by a floating eye for 2 turns
 10000 | Depths:3 | Killed Jory
 10002 | Depths:3 | Noticed a golden dragon
 10011 | Depths:3 | Reached XP level 25. HP: 85/174 MP: 2/46
 10021 | Depths:3 | Killed a golden dragon
 10022 | Depths:3 | Reached skill level 19 in Long Blades
 10121 | Depths:3 | Found a one-way gate to the infinite horrors of the Abyss.
 10128 | Depths:3 | Found a transporter.
 10148 | Depths:3 | Voluntarily entered the Abyss.
 10199 | Abyss:3  | Found a corrupted altar of Lugonu.
 10227 | Abyss:3  | Found a corrupted altar of Lugonu.
 10265 | Abyss:3  | Found a corrupted altar of Lugonu.
 10308 | Abyss:3  | Paralysed by accursed screaming for 1 turns
 10407 | Abyss:3  | Reached skill level 20 in Long Blades
 10634 | Abyss:4  | Got an abyssal rune of Zot
 10682 | Depths:3 | Escaped the Abyss
 10746 | Depths:3 | Found Peub's Jewellery Emporium.
 10748 | Depths:3 | Bought a ring of resist corrosion for 400 gold pieces
 10789 | Depths:3 | Killed Parghit
 10790 | Depths:3 | Reached skill level 21 in Long Blades
 10840 | Pan      | Entered Pandemonium
 10930 | Pan      | Noticed Repos the pandemonium lord
 11031 | Pan      | Entered the realm of Gloorx Vloq.
 11222 | Pan      | Noticed Gloorx Vloq
 11231 | Pan      | Killed Gloorx Vloq
 11242 | Pan      | Got a dark rune of Zot
 11334 | Pan      | Noticed Mennas
 11342 | Pan      | Killed Mennas
 11343 | Pan      | Reached XP level 26. HP: 182/182 MP: 27/46
 11401 | Pan      | Found an exit through the horrors of the Abyss.
 11421 | Pan      | Identified the +5 scale mail of Scuffed Salvation {rF+ rN+
                  | Str+4}
 11505 | Pan      | Noticed Kigas the pandemonium lord
 11517 | Pan      | Killed Kigas the pandemonium lord
 11585 | Pan      | Reached skill level 10 in Conjurations
 11587 | Pan      | Gained mutation: You have sharp fingernails. [a cacodemon]
 11615 | Pan      | Noticed Etakuy the pandemonium lord
 11745 | Pan      | Reached skill level 5 in Stealth
 11761 | Pan      | Entered the realm of Mnoleg.
 11866 | Pan      | Gained mutation: You occasionally lose the ability to read
                  | scrolls when taking damage. [a cacodemon]
 11909 | Pan      | Gained mutation: You are clumsy. (Dex -2) [a neqoxec]
 11913 | Pan      | Noticed Mnoleg
 11920 | Pan      | Paralysed by a floating eye for 3 turns
 11928 | Pan      | Paralysed by a floating eye for 3 turns
 11929 | Pan      | Gained mutation: Your body sometimes deteriorates upon
                  | taking damage. [Mnoleg's mutagenic touch]
 11930 | Pan      | Reached skill level 15 in Earth Magic
 11931 | Pan      | Killed Mnoleg
 11947 | Pan      | Got a glowing rune of Zot
 11971 | Pan      | Gained mutation: You occasionally shout uncontrollably at
                  | your foes. [a cacodemon]
 11992 | Pan      | Lost mutation: You are dopey. (Int -2) [potion of mutation]
 11992 | Pan      | Lost mutation: You occasionally lose the ability to read
                  | scrolls when taking damage. [potion of mutation]
 11992 | Pan      | Lost mutation: You are clumsy. (Dex -2) [potion of
                  | mutation]
 11992 | Pan      | Gained mutation: You are partially covered in iridescent
                  | scales. (AC +2) [potion of mutation]
 11992 | Pan      | Gained mutation: Your spells are a little harder to cast,
                  | but a little more powerful. [potion of mutation]
 11995 | Pan      | Entered the realm of Cerebov.
 12035 | Pan      | Noticed Ignacio
 12043 | Pan      | Killed Ignacio
 12094 | Pan      | Found the +6 sword of Cerebov {flame}
 12094 | Pan      | Noticed Cerebov
 12115 | Pan      | Identified the +6 great sword "Xom's Entertainment" {drain,
                  | rPois Str+3}
 12174 | Pan      | HP: 11/236 [hellion/damnation[Cerebov] (20)]
 12175 | Pan      | Killed from afar by a hellion

Illustrated notes

Levels and vault maps discovered:
D:1:      giann_forest_graveyard, layout_loops_ring,
          ebering_ecumenical_altar_mist
D:2:      layout_basic, serial_shops, shop, nicolae_shop_tiny_waterfront
D:3:      layout_basic, general_overflow_altar, nicolae_ashenzari_panopticon,
          palyth_stone_intersect, minmay_diced_spiral
D:4:      kennysheep_spiral_hall, layout_basic, nicolae_ea-nasir_strikes_again,
          st_stairs_2
D:5:      layout_cave_pools, mainiacjoe_overflow_alcove_3,
          mainiacjoe_overflow_cross_hatched
D:6:      layout_cave_pools, minmay_temple_entry_antechambers,
          nicolae_stop_n_shop_2, dreamdust_mushroom_princess,
          minmay_misc_feat_five, uniq_menkaure
D:7:      layout_loops_ring, enter_bailey_2, uniq_maggie
D:8:      layout_layer_cave, nemelex_spade_bored_becter, led_sif_book,
          grunt_lair_entry_orc_guard_hut, enter_ossuary_2
D:9:      layout_irregular_city, kennysheep_vampire_church
D:10:     layout_small_grid, orc_0_dummy, serial_undead, serial_undead_b,
          serial_undead_b, serial_undead_e, serial_undead_d, serial_shops, shop
D:11:     layout_gridville, uniq_urug, uniq_lodul
D:12:     layout_loops_ring, minmay_evil_grid
D:13:     layout_rooms, david_vaults_5, bloody_trog
D:14:     layout_stronghold, nicolae_eternal_life
D:15:     gammafunk_depths_entry_grave, layout_small_grid,
          portal_ice_cave_entry_frozen_things, gauntlet_entry_generic,
          roderic_serpentine_path, item_on_display_a
Temple:   hellmonk_temple_flake
Lair:1:   layout_hall_layers, nicolae_volcano_entry_s_turn
Lair:2:   layout_regular_city, columned_hall_lemuel, serial_bayou_pond_a,
          nicolae_quartered_pool_medium
Lair:3:   layout_loops_ring, elwin_shoals_entry_rocks,
          minmay_snake_entry_guardpost_medium, uniq_kirke
Lair:4:   layout_misc_corridors, slime_entry_1, nzn_masters_of_martial_movement,
          serial_bayou_shore_a, uniq_rupert
Lair:5:   cheibrodos_lair_end_hotspot, layout_layer_cave, lemuel_fruit_tree,
          infiniplex_staircase_pool_2, uniq_josephine
Shoals:1: nicolae_shoals_aurelia_aurita, layout_shoals, lemuel_altar_in_water
Shoals:2: layout_shoals, ebering_ghost_inner_flame
Shoals:3: cheibrodos_shoals_three_sisters, layout_shoals
Shoals:4: shoals_end_hellmonk_storm_palace [storm_palace_center_square,
          storm_palace_corner_blocked, storm_palace_corner_grid,
          storm_palace_corner_altar, storm_palace_corner_pillars],
          uniq_polyphemus
Snake:1:  layout_misc_corridors
Snake:2:  layout_layer_cave
Snake:3:  layout_onion_interference, uniq_vashnia
Snake:4:  minmay_snake_end_coiled, layout_misc_corridors, serial_shops, shop,
          uniq_bai_suzhen
Slime:1:  layout_caves
Slime:2:  layout_caves
Slime:3:  layout_caves
Slime:4:  layout_caves
Slime:5
Orc:1:    layout_diamond_mine, serial_shops, shop
Orc:2:    st_orc_congregation, layout_diamond_mine, basic_altar, uniq_saint_roka
Vaults:1: vaults_room_door_hall, hangedman_vaults_locks,
          nicolae_vaults_network_quincunx
          [nicolae_vaults_network_quincunx_subvault,
          nicolae_vaults_network_quincunx_subvault,
          nicolae_vaults_network_quincunx_subvault,
          nicolae_vaults_network_quincunx_subvault,
          nicolae_vaults_network_quincunx_subvault], nicolae_vaults_arrows,
          nicolae_vaults_enemy_cabinets, ontoclasm_vaults_bender,
          vaults_mumra_minichess_inversion, nicolae_vaults_trapezoid_4,
          vaults_room_door_hall, nicolae_vaults_rhombus_5,
          nicolae_vaults_big_angled_halls, v_misc_13, ontoclasm_vaults_idyll,
          layout_vaults_omnibox, nicolae_trove_entry_crystal
Vaults:2: minmay_crypt_entry_simple_walls, hangedman_vaults_slice,
          ontoclasm_vaults_misaligned, nicolae_vaults_diamond_2, v_misc_30,
          ontoclasm_vaults_shuriken, vaults_dpeg_hooks,
          nicolae_vaults_trapezoid_3, nicolae_vaults_closet_pinwheel_4,
          nicolae_vaults_house_1, layout_vaults_quadrants
Vaults:3: grunt_vaults_funnel, nicolae_vaults_puzzle_piece,
          grunt_vaults_hallway_short, hangedman_vaults_nails,
          hangedman_vaults_nodes, nicolae_vaults_house_1,
          nicolae_vaults_wrenched, nicolae_vaults_halls_meeting, v_misc_30,
          layout_vaults_ring
Vaults:4: gammafunk_ghost_crypt, nicolae_vaults_network_barrier, v_pattern_4,
          nicolae_vaults_diamond_1, vaults_mumra_minichess,
          ontoclasm_vaults_ring_square, nicolae_vaults_turnstiles,
          ontoclasm_vaults_twist, nicolae_vaults_ninety_degrees,
          nicolae_vaults_border_crossing, serial_ice_b, serial_ice_m,
          nicolae_vaults_little_squares_4, layout_vaults_omnicross, uniq_zenata
Vaults:5: uniq_mara
Depths:1: layout_gridlike, hangedman_tar_grid_catacomb,
          nicolae_figureground_pulse, grunt_megastairs_3
Depths:2: minmay_the_grid_four_pointed_star
          [minmay_the_grid_triangle_9x9_skeleton,
          minmay_the_grid_triangle_9x9_cache,
          minmay_the_grid_triangle_9x9_pentomino_pain,
          minmay_the_grid_triangle_9x9_minimal,
          minmay_the_grid_prize_diamond_cup], layout_gridlike,
          ebering_ghost_gozag, rand_demon_pan_entry_8, grunt_hell_entry_dis_old,
          abyss_entry, grunt_decor_resistance, uniq_vv
Depths:3: minmay_cut_squares, layout_basic, hellmouth_1, abyss_entry,
          dreamdust_wishing_well, serial_shops, nicolae_shop_hallway_stairs,
          nicolae_diode_basic, uniq_jory, uniq_josephina, uniq_parghit
Depths:4: grunt_twist_and_shout, layout_honeycomb, enter_ziggurat_e,
          serial_shops, nicolae_book_shop_shelving, grunt_hell_horde,
          chequers_serial_rivers_micro_d, minmay_swirly_circle
Pan:      gammafunk_the_bubble [the_bubble_gammafunk_grid], layout_basic,
          nicolae_pan_mnolegish_3, rand_demon_8, layout_grid_shapes,
          grunt_pan_zigzag, layout_basic, rand_demon_5, layout_irregular_city,
          nicolae_pan_bazaar_rune, layout_irregular_city,
          nicolae_pan_sigil_itan, evilmike_mini_pan_layers,
          layout_irregular_city, pan_blood_fountain_small, pan_blood_fountain_2,
          nicolae_pan_gloorx_vloqian_4, rand_demon_7, layout_gridlike,
          pan_blood_fountain_2, pan_captured_pigsty, lom_lobon_st,
          layout_gridville, evilmike_mini_pan_branches, layout_basic,
          pan_blood_fountain_small, evilmike_mini_pan_diamond, layout_basic,
          uniq_lom_lobon, evilmike_mini_pan_V, layout_irregular_city,
          rand_demon_6, layout_pan_divisions_b [pan_division_quadrant_b4,
          pan_division_quadrant_b6, pan_division_quadrant_b1,
          pan_division_quadrant_b5], uniq_lom_lobon,
          regret_index_pan_draining_boxed, layout_irregular_city,
          pan_blood_fountain_2, gloorx_vloq_grunt_torture_chamber, layout_basic,
          pan_blood_fountain_2, gammafunk_its_a_trap, layout_onion_city,
          uniq_mennas_pan, evilmike_mini_pan_3x3, layout_onion_city,
          nicolae_pan_door_chamber, layout_rooms, nicolae_pan_mnolegish_5,
          rand_demon_5, layout_chambers, rand_demon_8, layout_onion_city,
          pan_blood_fountain_small, pan_blood_fountain_2, rand_demon_6,
          layout_rooms, pan_blood_fountain_small, rand_demon_5,
          layout_gridville, nicolae_pan_sigil_obb, nicolae_pan_cerebovesque_1,
          rand_demon_2, layout_onion_city, mnoleg, layout_gridville,
          nicolae_pan_cerebovesque_3, cerebov_grunt, layout_grid_shapes,
          uniq_ignacio

Skill      XL: |  1  2  3  4  5  6  7  8  9 10 11 12 13 14 15 16 17 18 19 20 21 22 23 24 25 26 |
---------------+-------------------------------------------------------------------------------+-----
Spellcasting   | 3 4 5 7 9 11 15 16 17 18 19 | 19.4
Earth Magic    | 4 5 6 7 9 10 12 13 14 15 | 15.2
Conjurations   | 1 2 3 4 6 7 9 11 | 11.0
Summonings     | 6 9 10 11 | 11.5
Air Magic      | 6 |  6.0
Invocations    | 8 12 | 12.4
Transmutations | 3 8 10 | 10.3
Necromancy     | 1 6 8 9 10 12 13 14 | 14.1
Fighting       | 5 10 11 12 13 | 13.5
Dodging        | 7 11 12 13 14 | 14.1
Long Blades    | 5 12 13 14 16 18 21 | 21.0
Shields        | 3 8 9 10 12 13 14 15 | 15.0
Ice Magic      | 10 14 | 14.0
Armour         | 4 6 |  6.0
Evocations     | 6 |  6.0
Stealth        | 2 4 5 |  5.6
Translocations | 8 |  8.0

Action                     |  1- 3 |  4- 6 |  7- 9 | 10-12 | 13-15 | 16-18 | 19-21 | 22-24 | 25-27 || total
---------------------------+-------+-------+-------+-------+-------+-------+-------+-------+-------++-------
  Melee: Morningstar       |       |       |       |     4 |       |       |       |       |       ||     4
         Scimitar          |       |       |       |       |    50 |   149 |    43 |       |       ||   242
         Long sword        |       |       |       |       |       |       |   135 |   291 |   236 ||   662
         Double sword      |       |       |       |       |       |       |       |    15 |       ||    15
         Unarmed           |       |       |       |       |       |       |       |     1 |       ||     1
         Demon blade       |       |       |       |       |       |       |       |    43 |   150 ||   193
  Throw: Javelin           |       |       |       |       |       |       |     2 |       |       ||     2
   Cast: Sandblast         |    30 |     4 |    60 |    84 |    17 |     2 |       |       |       ||   197
         Passwall          |     5 |       |       |    24 |     5 |     2 |     3 |    30 |    19 ||    88
         Stone Arrow       |       |    10 |    33 |    74 |    46 |    31 |    31 |    28 |    21 ||   274
         Summon Lightning  |       |       |     2 |    34 |    13 |     9 |     2 |       |       ||    60
         Borgnjor's Vile C |       |       |       |    15 |    82 |    77 |    60 |   110 |    82 ||   426
         Animate Dead      |       |       |       |     4 |    17 |    18 |    15 |    18 |     6 ||    78
         Statue Form       |       |       |       |     1 |    20 |    23 |    22 |    46 |    44 ||   156
         Summon Cactus Gia |       |       |       |       |       |    23 |    18 |    24 |    28 ||    93
         Death Channel     |       |       |       |       |       |    12 |    17 |    29 |    19 ||    77
         Ozocubu's Refrige |       |       |       |       |       |       |     7 |    15 |    11 ||    33
         Summon Forest     |       |       |       |       |       |       |     4 |    10 |     5 ||    19
         Haunt             |       |       |       |       |       |       |       |    10 |     7 ||    17
         Passage of Golubr |       |       |       |       |       |       |       |       |    50 ||    50
 Invoke: Slouch            |       |       |       |       |     2 |       |     9 |     6 |     1 ||    18
         Temporal Distorti |       |       |       |       |       |     1 |       |       |       ||     1
         Step From Time    |       |       |       |       |       |       |     2 |     1 |     1 ||     4
Ability: End Transformatio |       |       |       |       |       |     3 |       |     5 |     1 ||     9
  Evoke: Wand              |       |       |     5 |     2 |     1 |       |       |     8 |     5 ||    21
         Condenser vane    |       |       |       |       |       |     1 |       |       |       ||     1
    Use: Scroll            |     5 |       |     1 |    13 |     5 |     3 |     5 |     8 |     4 ||    44
         Potion            |       |       |       |     5 |     2 |       |     5 |     1 |     1 ||    14
   Stab: Distracted        |       |       |       |       |     3 |    12 |     9 |    14 |    11 ||    49
 Armour: Robe              |     4 |       |    12 |    27 |       |       |       |       |       ||    43
         Leather armour    |       |       |       |    20 |    12 |       |       |       |       ||    32
         Skin              |       |       |       |       |   148 |   140 |   138 |   254 |   251 ||   931
         Ring mail         |       |       |       |       |       |     3 |    16 |    11 |    14 ||    44
  Dodge: Dodged            |    12 |       |    27 |    99 |   309 |   303 |   451 |   833 |   818 ||  2852
  Block: Kite shield       |       |       |       |       |       |   214 |   432 |   854 |   731 ||  2231
         Reflection        |       |       |       |       |       |       |       |       |     9 ||     9
